 Seeded DCSS version 0.30-a0-920-g7493c07aab (webtiles) character file.

Game seed: 3425090202442293766 (custom seed)

559265 hikkokomori the Slayer (level 26, -11/180 HPs)
             Began as a Barachi Hunter on Mar 20, 2023.
             Was a High Priest of Okawaru.
             Killed from afar by a Hell Sentinel (39 damage)
             ... with damnation
             ... created by a Zot trap
             ... on level 2 of the Realm of Zot on Mar 22, 2023.
             The game lasted 03:48:58 (54588 turns).

hikkokomori the Slayer (Barachi Hunter)            Turns: 54588, Time: 03:48:59

Health: -11/180    AC: 29    Str: 30 (32) XL:     26   Next: 58%
Magic:  43/43      EV: 38    Int: 10 (11) God:    Okawaru [*****.]
Gold:   2914       SH: 12    Dex: 31 (36) Spells: 28/57 levels left

rFire   . . .      SeeInvis +    a - +5 hand crossbow of Kismet {flame, rF+ Dex+4}
rCold   . . .      Faith    +    k - +2 buckler "Nigann" {rPois rF- Str+9 Slay+3}
rNeg    + . .      Spirit   .    h - quicksilver dragon scales
rPois   +          Reflect  .    C - +0 helmet "Obru Isi" {Dex+2 SInv}
rElec   +          Rampage  +    f - +5 cloak of Insatiable Hunger {Rampage rN+ Dex+4 Slay+3 SInv}
rCorr   +                        (no gloves)
Will    ++++.                    B - +1 pair of boots of Toaver {rElec Will+ Regen+ rCorr}
Stlth   +++                      P - amulet of faith
HPRegen 1.30/turn                W - ring "Poomuas" {rElec rC+ Will- EV+5 Str+8}
MPRegen 0.28/turn                H - ring "Qaese" {Will++ Str+2 Slay+4}

@: about to teleport, heroic, contaminated, glowing, studying 3 skills, slow
A: amphibious, slowness 1, strong legs 2, +LOS, frail 2, cold vulnerability 1
}: 3/15 runes: serpentine, barnacled, slimy
a: Hop, Renounce Religion, Heroism, Finesse, Duel


You were on level 2 of the Realm of Zot.
You worshipped Okawaru.
Okawaru was extremely pleased with you.
You visited 12 branches of the dungeon, and saw 50 of its levels.
You visited 1 bazaar.
You also visited: Bailey and Ice Cave.

You collected 10583 gold pieces.
You spent 7669 gold pieces at shops.

Inventory:

Hand Weapons
 a - the +5 hand crossbow of Kismet (weapon) {flame, rF+ Dex+4}
   (Okawaru gifted it to you on level 1 of the Lair of Beasts)

   Dex:       It affects your dexterity (+4).
   rF:        It protects you from fire.
Missiles
 p - 12 throwing nets
Armour
 e - the +8 orange crystal plate armour {Archmagi, Int+3 Clar}
   (Okawaru gifted it to you on level 1 of the Realm of Zot)

   Int:       It affects your intelligence (+3).
   Clar:      It protects you against confusion.
 f - the +5 cloak of Insatiable Hunger (worn) {Rampage rN+ Dex+4 Slay+3 SInv}
   (Okawaru gifted it to you on level 3 of the Shoals)

   Dex:       It affects your dexterity (+4).
   Slay:      It affects your accuracy & damage with ranged weapons and melee
   (+3).
   rN:        It protects you from negative energy.
   SInv:      It lets you see invisible.
   Rampage:   It bestows one free step when moving towards enemies.
 h - quicksilver dragon scales (worn)
 k - the +2 buckler "Nigann" (worn) {rPois rF- Str+9 Slay+3}
   (You bought it in a shop in a bazaar)

   Str:       It affects your strength (+9).
   Slay:      It affects your accuracy & damage with ranged weapons and melee
   (+3).
   rF:        It makes you vulnerable to fire.
   rPois:     It protects you from poison.
 l - the +0 pair of gloves of Doggemen {-Tele +Inv rC+ Slay+6}
   (You bought it in a shop in a bazaar)

   Slay:      It affects your accuracy & damage with ranged weapons and melee
   (+6).
   rC:        It protects you from cold.
   +Inv:      It lets you turn invisible.
   -Tele:     It prevents most forms of teleportation.
 B - the +1 pair of boots of Toaver (worn) {rElec Will+ Regen+ rCorr}
   (Okawaru gifted it to you on level 3 of the Elven Halls)

   rElec:     It insulates you from electricity.
   Regen:     It increases your rate of health regeneration.
   rCorr:     It protects you from acid and corrosion.
   Will:      It increases your willpower.
 C - the +0 helmet "Obru Isi" (worn) {Dex+2 SInv}
   (Okawaru gifted it to you on level 2 of the Realm of Zot)

   Dex:       It affects your dexterity (+2).
   SInv:      It lets you see invisible.
 F - +8 gold dragon scales
 K - the -1 pair of boots of Sucrel {Int+3 Slay+4 SInv}
   (You found it on level 2 of the Elven Halls)

   Int:       It affects your intelligence (+3).
   Slay:      It affects your accuracy & damage with ranged weapons and melee
   (+4).
   SInv:      It lets you see invisible.
Jewellery
 z - an amulet of regeneration
 G - the amulet of Starshine {RegenMP Regen+ rCorr Str-5 Slay+2}
   (You acquired it on level 13 of the Dungeon)

   [amulet of magic regeneration]

   It increases your rate of magic regeneration.
   Str:       It affects your strength (-5).
   Slay:      It affects your accuracy & damage with ranged weapons and melee
   (+2).
   Regen:     It increases your rate of health regeneration.
   rCorr:     It protects you from acid and corrosion.
 H - the ring "Qaese" (right hand) {Will++ Str+2 Slay+4}
   (You found it on level 14 of the Dungeon)

   [ring of slaying]

   Str:       It affects your strength (+2).
   Slay:      It affects your accuracy & damage with ranged weapons and melee
   (+4).
   Will:      It greatly increases your willpower.
 L - the dreamshard necklace {*Dream Drain}
   (You found it on level 5 of the Pits of Slime)

   [amulet of nothing]

   *Dream:    It shatters if its wearer takes lethal or near-lethal damage,
   preventing the blow and releasing protective dreams that heal and fight for
   the wearer.
   Drain:     It drains your maximum health when unequipped.
 P - an amulet of faith (around neck)
 T - the ring "Zeomi" {rF+ Will+ Int-5 Dex+5}
   (You found it on level 5 of the Pits of Slime)

   [ring of willpower]

   Int:       It affects your intelligence (-5).
   Dex:       It affects your dexterity (+5).
   rF:        It protects you from fire.
   Will:      It increases your willpower.
 U - the ring "Plog" {Contam rPois rF+ rC+++ Slay-6}
   (You acquired it on level 1 of the Depths)

   [ring of protection from fire]

   Slay:      It affects your accuracy & damage with ranged weapons and melee
   (-6).
   rF:        It protects you from fire.
   rC:        It renders you almost immune to cold.
   rPois:     It protects you from poison.
   Contam:    It causes magical contamination when unequipped.
 W - the ring "Poomuas" (left hand) {rElec rC+ Will- EV+5 Str+8}
   (You acquired it in a bazaar)

   [ring of evasion]

   EV:        It affects your evasion (+5).
   Str:       It affects your strength (+8).
   rC:        It protects you from cold.
   rElec:     It insulates you from electricity.
   Will:      It decreases your willpower.
Wands
 J - a wand of iceblast (14)
 O - a wand of digging (7)
 X - a wand of light (15)
 Y - a wand of polymorph (20)
 Z - a wand of mindburst (27)
Scrolls
 b - 5 scrolls of immolation
 g - 10 scrolls of blinking
 i - 13 scrolls of enchant armour
 o - 8 scrolls of magic mapping
 q - 2 scrolls of enchant weapon
 s - 22 scrolls of teleportation
 t - 8 scrolls of fear
 u - 4 scrolls of silence
 y - 13 scrolls of fog
 E - 7 scrolls of amnesia
 R - 13 scrolls of poison
 V - a scroll of brand weapon
Potions
 c - 2 potions of cancellation
 j - 6 potions of resistance
 n - 19 potions of curing
 r - 11 potions of brilliance
 v - 8 potions of might
 w - 7 potions of flight
 x - 7 potions of haste
 A - 2 potions of ambrosia
 D - 10 potions of heal wounds
 I - 13 potions of lignification
 M - 3 potions of magic
 N - 9 potions of mutation
 S - 4 potions of invisibility
Miscellaneous
 d - a phial of floods
 m - a condenser vane (inert)
 Q - a tin of tremorstones (1/2)


   Skills:
 - Level 22.4(27) Fighting
 - Level 22.3(27) Ranged Weapons
 + Level 16.8(21.8) Armour
 + Level 14.3(19.3) Dodging
 + Level 13.4(18.4) Stealth
 + Level 10.0(15.0) Shields
 + Level 16.1 Spellcasting
 - Level 15.6 Conjurations
 - Level 8.6 Hexes
 - Level 6.4 Transmutations
 - Level 9.4 Fire Magic
 + Level 11.5 Ice Magic
 - Level 11.5 Air Magic
 - Level 11.0 Invocations
 - Level 12.7 Evocations


You had 28 spell levels left.
You knew the following spells:

 Your Spells              Type           Power      Damage    Failure   Level
a - Wereblood             Tmut           20%        N/A       1%          2
b - Blink                 Tloc           16%        N/A       16%         2
c - Metabolic Englaciati  Hex/Ice        14%        N/A       4%          5
d - Ozocubu's Armour      Ice            31%        N/A       1%          3
e - Freezing Cloud        Conj/Ice/Air   16%        6-21      1%          5
f - Ozocubu's Refrigerat  Ice            15%        4d10      58%         7
g - Plasma Beam           Fire/Air       14%        2x1d28    3%          5

Your spell library contained the following spells:

 Spells                   Type           Power      Damage    Failure   Level
 Magic Dart               Conj           100%       1d8       0%          1
 Foxfire                  Conj/Fire      100%       2x1d9     1%          1
 Freeze                   Ice            100%       1d10      1%          1
 Kiss of Death            Conj/Necr      92%        2d12      1%          1
 Ensorcelled Hibernation  Hex/Ice        56%        N/A       1%          2
 Poisonous Vapours        Pois/Air       38%        N/A       1%          2
 Searing Ray              Conj           78%        2d7       1%          2
 Static Discharge         Conj/Air       70%        2-5/arc   1%          2
 Confusing Touch          Hex            25%        N/A       1%          3
 Dazzling Flash           Conj/Hex       64%        N/A       1%          3
 Frozen Ramparts          Ice            62%        1d10      1%          3
 Hailstorm                Conj/Ice       35%        3d9       1%          3
 Inner Flame              Hex/Fire       26%        N/A       1%          3
 Mephitic Cloud           Conj/Pois/Air  26%        N/A       1%          3
 Stone Arrow              Conj/Erth      46%        3d9       1%          3
 Swiftness                Air            31%        N/A       1%          3
 Flame Wave               Conj/Fire      33%        2d10      1%          4
 Fulminant Prism          Conj/Hex       16%        3d10      1%          4
 Sticky Flame             Conj/Fire      33%        2d5       1%          4
 Arcjolt                  Conj/Air       17%        1d27      1%          5
 Fireball                 Conj/Fire      16%        3d8       1%          5
 Iskenderun's Battlesphe  Conj           39%        2d9       1%          5
 Vhi's Electric Charge    Tloc/Air       38%        N/A       2%          3
 Ice Form                 Ice/Tmut       26%        N/A       2%          4
 Cigotuvi's Dreadful Rot  Necr/Pois/Air  30%        N/A       3%          2
 Passwall                 Tmut/Erth      11%        N/A       4%          2
 Portal Projectile        Hex/Tloc       32%        N/A       4%          3
 Silence                  Hex/Air        14%        N/A       4%          5
 Spider Form              Tmut/Pois      14%        N/A       8%          3
 Starburst                Conj/Fire      16%        6d6       9%          6
 Necrotise                Necr           32%        1d5       10%         1
 Sandblast                Erth           16%        2d6       10%         1
 Orb of Destruction       Conj           19%        9d8       14%         7
 Lesser Beckoning         Tloc           16%        N/A       16%         2
 Sublimation of Blood     Necr           8%         N/A       16%         2
 Anguish                  Hex/Necr       8%         N/A       17%         4
 Blade Hands              Tmut           10%        N/A       21%         5
 Petrify                  Tmut/Erth      14%        N/A       26%         4
 Gell's Gravitas          Tloc           8%         N/A       30%         3
 Teleport Other           Tloc           8%         N/A       30%         3
 Vampiric Draining        Necr           8%         2d6       30%         3
 Iron Shot                Conj/Erth      11%        9d3       52%         6
 Dispel Undead            Necr           8%         3d8       69%         4
 Manifold Assault         Tloc           8%         N/A       69%         4
 Storm Form               Tmut/Air       13%        N/A       91%         7
 Agony                    Necr           8%         N/A       95%         5
 Borgnjor's Vile Clutch   Necr/Erth      4%         N/A       95%         5
 Statue Form              Tmut/Erth      9%         N/A       99%         6
 Maxwell's Capacitive Co  Air            15%        ∞         99%         8
 Dispersal                Tloc           4%         N/A       100%        6
 Borgnjor's Revivificati  Necr           4%         N/A       100%        8
 Necromutation            Tmut/Necr      7%         N/A       100%        8
 Chain Lightning          Conj/Air       17%        3d23      100%        9
 Death's Door             Necr           4%         N/A       100%        9
 Fire Storm               Conj/Fire      16%        8d4       100%        9
 Polar Vortex             Ice            15%        N/A       100%        9
 Shatter                  Erth           4%         3d7*      100%        9
 Tukima's Dance           Hex            Unusable   N/A       N/A         3
 Summon Guardian Golem    Hex/Summ       Unusable   N/A       N/A         3
 Animate Dead             Necr           Unusable   N/A       N/A         4
 Simulacrum               Ice/Necr       Unusable   N/A       N/A         6
 Spellforged Servitor     Conj/Summ      Unusable   N/A       N/A         7
 Haunt                    Necr/Summ      Unusable   N/A       N/A         7
 Summon Hydra             Summ           Unusable   N/A       N/A         7
 Infestation              Necr           Unusable   N/A       N/A         8

Dungeon Overview and Level Annotations

Branches:
Dungeon (15/15)            Temple (1/1) D:5            Lair (5/5) D:10
 Shoals (4/4) Lair:3        Snake (4/4) Lair:3        Slime (5/5) Lair:5
    Orc (2/2) D:10            Elf (3/3) Orc:2        Vaults (4/5) D:13
  Crypt (0/3) Vaults:3     Depths (4/4) D:15           Hell (visited)
    Zot (2/5) Depths:4     Bailey (visited)           IceCv (visited)
    Dis: Hell:1         Geh: Hell:1         Coc: Hell:1         Tar: Hell:1

Altars:
Ashenzari
Cheibriados
Dithmenos
Elyvilon
Fedhas
Gozag
Hepliaklqana
Kikubaaqudgha
Makhleb
Nemelex Xobeh
Okawaru
Qazlal
Ru
Sif Muna
Trog
Uskayaw
Vehumet
Wu Jian
Xom
Yredelemnul
Zin
The Shining One
Lugonu

Shops:
D:2 ?(   D:6 *=   D:13 ?   D:15 *   Orc:2 =:(([   Elf:3 :=:   Snake:2 *((*
Vaults:1 (   Vaults:2 :   Depths:1 *

Portals:
Hell: Depths:1 Depths:2 Depths:3 Depths:4
Abyss: Lair:5 Depths:3
Pandemonium: Depths:2
Ziggurat: Depths:4

Annotations:
D:9 2 transporters, billz999's ghost, novice GnHu
D:11 Pokonic1's ghost, journeyman GrFi
D:13 3 runed translucent doors, Nialiw's ghost, journeyman GnHu
Temple 4 transporters
Snake:1 1 runed translucent door, jlumianski's ghost, journeyman DsFi
Vaults:1 36 runed doors, Leriaza's ghost, veteran DsVM
Zot:2 1 transporter


Innate Abilities, Weirdness & Mutations

You are amphibious.
You cover ground slowly.
You can hop long distances.
You have an extended range of vision and can be seen from far away.
You are very frail. (-20% HP)
You are vulnerable to cold. (rC-)


Message History

Press: ? - help, Shift-Dir - straight line, f/p - Killer Klown
Aim: a Killer Klown, wielding a +10 antimagic club (severely wounded, 78% to hit)
You shoot a bolt. The bolt hits the Killer Klown!
The bolt burns the Killer Klown.
The Killer Klown is almost dead.
You block the Hell Sentinel's attack. The Hell Sentinel hits you.
The Killer Klown beckons to you. The Killer Klown pies you viciously!
The klown pie hits you!!
Raspberry!
You feel weakened.
You feel dopey.
You feel clumsy.
Unknown command.
Fire: a) +5 hand crossbow of Kismet {flame, rF+ Dex+4}
Press: ? - help, Shift-Dir - straight line, f/p - Killer Klown
Aim: a Killer Klown, wielding a +10 antimagic club (almost dead, 78% to hit)
You shoot a bolt. The bolt hits the Killer Klown!
The bolt burns the Killer Klown.
You kill the Killer Klown!
Okawaru accepts your kill. The Hell Sentinel gestures at you.
The sphere of damnation explodes!
The damnation engulfs you!!
* * * LOW HITPOINT WARNING * * *
The damnation engulfs the Hell Sentinel.
The Hell Sentinel completely resists.
The electric golem blinks!
Unknown command.
Unknown command.
Fire: a) +5 hand crossbow of Kismet {flame, rF+ Dex+4}
Press: ? - help, Shift-Dir - straight line, f - Hell Sentinel
Aim: a Hell Sentinel (lightly wounded, durably summoned, 93% to hit)
You shoot a bolt. The bolt hits the Hell Sentinel.
The Hell Sentinel is lightly wounded.
The Hell Sentinel gestures at you.
The sphere of damnation explodes!
The damnation engulfs you!!!
* * * LOW HITPOINT WARNING * * *
The damnation engulfs the Hell Sentinel.
The Hell Sentinel completely resists.
You block the Hell Sentinel's attack. The Hell Sentinel misses you.
You feel much better. The Hell Sentinel gestures at you.
The sphere of damnation explodes!
The damnation engulfs you!!!
You die...

#.....#
#§§§§§§§#
##.....#
##§§§§.§^##
#......#
##^§##§##§^#
#.....##
##..§§§§§§§..#
#.....#
#^[##§#§#§##^.#
##....#
##..§D§§§^^..##
#..[##
##.#§#§#§#.#.##
###...#
#^)#§§§....# ^#
#....)#
#@#§§§.§..#.##
#...[.#
##1^..^^^..#
#....[#
#.^^^^^^^.#
###...###
##..^.^..##
#.....#
###+#+###
#.....#
#".)^)^)#
####..<..#
#^)^)^:^#
#......###
!.!©!^=
#......#
#######


You could see a Hell Sentinel.

Vanquished Creatures
  the Royal Jelly (Slime:5)
  A dread lich (Hell)
  Mara (Shoals:3)
  An ancient lich (Zot:2)
  Tiamat (Zot:1)
  Mennas (Vaults:4)
  Parghit (Zot:1)
  Josephina (Depths:3)
  A Killer Klown (Zot:2)
  Saint Roka (Snake:3)
  Margery (Vaults:2)
  Geryon (Hell)
  7 golden dragons
  3 caustic shrikes
  A bone dragon (Depths:3)
  2 Tzitzimimeh (Depths:3)
  2 electric golems
  Mlioglotl (Snake:1)
  7 tentacled monstrosities
  3 doom hounds (Depths:3)
  A lich (Depths:3)
  2 walking earthen tomes
  A walking crystal tome (Depths:3)
  A walking frostbound tome (Depths:3)
  Grunn (Depths:3)
  A deep elf blademaster (Elf:3)
  A deep elf master archer (Elf:3)
  2 krakens
  7 sphinxes
  21 acid blobs
  6 quicksilver dragons
  3 death cobs
  Polyphemus (Shoals:4)
  Roxanne (Snake:3)
  10 storm dragons
  4 shadow dragons
  14 azure jellies
  5 draconian knights
  A draconian monk (Zot:1)
  9 nagarajas
  9 fire giants
  8 frost giants
  10 rockslimes
  4 deep elf sorcerers (Elf:3)
  5 draconian scorchers
  8 vault wardens
  Louise (Elf:3)
  A caustic shrike zombie (Hell)
  Aizul (Snake:1)
  A ghost moth (Zot:1)
  A curse skull (Vaults:3)
  4 draconian shifters
  5 deep elf elementalists
  2 draconian stormcallers
  7 spriggan defenders
  6 draconian annihilators
  10 ironbound preservers
  7 quicksilver oozes
  A war gargoyle (Vaults:3)
  An orc warlord (Orc:1)
  19 very ugly things
  5 reapers
  Nessos (D:13)
  10 stone giants
  The ghost of osoart the Fighter, a journeyman DsBe of Trog (Orc:2)
  8 green draconians
  5 deep elf demonologists (Elf:3)
  A minotaur (Orc:2)
  4 vampire knights
  5 dire elephants (Vaults:3)
  6 white draconians
  An ironbound thunderhulk (Vaults:2)
  8 black draconians
  A spark wasp (Depths:3)
  9 yellow draconians
  7 red draconians
  7 purple draconians
  10 deep elf annihilators (Elf:3)
  An iron golem (Hell)
  A crystal guardian (Hell)
  A green death (Depths:1)
  7 merfolk javelineers
  3 ettins
  2 jiangshi (Depths:2)
  9 great orbs of eyes
  9 deep elf death magi
  3 blizzard demons
  9 merfolk impalers
  2 fire dragons (Depths:3)
  5 deep elf high priests
  2 entropy weavers
  A salamander tyrant (Snake:2)
  8 vault guards
  5 yaktaur captains
  Fannar (Orc:1)
  Erolcha (Orc:1)
  A rakshasa (Depths:2)
  8 centaur warriors
  A peacekeeper (Vaults:3)
  4 spriggan air magi
  9 ice dragons
  A spriggan skeleton (Hell)
  2 merfolk avatars
  10 hydras
  An ogre mage (D:13)
  4 catoblepae
  A hell beast (Hell)
  8 ironbound frosthearts
  21 anacondas
  9 two-headed ogres
  29 dancing weapons
  3 alligator snapping turtles
  3 merfolk aquamancers (Shoals:4)
  8 boulder beetles
  A vampire mage (Depths:2)
  4 satyrs
  6 tengu warriors
  4 deep troll earth magi
  7 death yaks
  19 naga warriors
  12 shock serpents
  3 hell hogs (Hell)
  8 spriggan berserkers
  A titan zombie (Hell)
  3 thrashing horrors (Lair:5)
  14 naga sharpshooters
  Urug (D:13)
  3 deep troll shamans (Depths:3)
  18 hell knights
  4 soul eaters
  Sonja (Lair:3)
  19 deep elf knights
  A fire crab (D:13)
  8 skysharks
  4 sun demons
  8 iron trolls
  A titan skeleton (Hell)
  Amaemon (Lair:1)
  A spark wasp zombie (Hell)
  A skeletal warrior (D:13)
  2 salamander mystics
  A sixfirhy (Depths:2)
  26 sea snakes
  38 deep trolls
  An anaconda zombie (Hell)
  A flayed ghost (Depths:2)
  7 naga ritualists
  3 glowing orange brains
  9 wizards
  A bunyip skeleton (Hell)
  17 deep elf archers
  A shadow dragon zombie (Hell)
  3 orc knights
  18 harpies
  3 phantasmal warriors
  Pikel (D:9)
  15 ironbound convokers
  16 lindwurms
  2 sphinx zombies (Hell)
  38 deep elf pyromancers
  13 necromancers
  A bog body (IceCv)
  16 mana vipers
  2 tengu zombies (Hell)
  A harpy (shapeshifter) (Lair:5)
  58 ugly things
  38 deep elf zephyrmancers
  8 orc sorcerers
  12 cyclopes
  12 manticores
  A frost giant zombie (Hell)
  3 shining eyes
  A fire giant zombie (Hell)
  13 moths of wrath
  8 salamanders
  11 vault sentinels
  5 guardian serpents
  7 fauns (Shoals:3)
  29 elephants
  8 water nymphs
  A guardian serpent (shapeshifter) (Elf:2)
  9 smoke demons
  8 merfolk sirens
  17 naga magi
  The ghost of sugarbear the Cutter, a novice VSGl (D:6)
  A rust devil (Hell)
  43 black mambas
  4 orange demons
  5 molten gargoyles
  3 eyes of devastation (Slime:5)
  2 ice statues (IceCv)
  2 gargoyles
  2 unseen horrors (D:13)
  10 cane toads
  Psyche (D:9)
  A yaktaur zombie (Vaults:4)
  2 spriggan zombies (Hell)
  A hellion (Hell)
  23 yaktaurs
  2 efreet (D:13)
  5 freezing wraiths
  3 anaconda simulacra
  11 komodo dragons
  7 ice devils
  6 tengu conjurers
  2 tormentors (Depths:3)
  A sea snake skeleton (Hell)
  An ancient zyme (Lair:5)
  3 harpy zombies (Hell)
  A meliai (shapeshifter) (D:13)
  Prince Ribbit (Bailey)
  9 meliai (Depths:3)
  11 trolls
  3 polar bears
  10 wind drakes
  15 blink frogs
  41 merfolk
  Grinder (D:4)
  A tengu simulacrum (Depths:3)
  6 snapping turtles
  An alligator zombie (Hell)
  An ettin zombie (Hell)
  A fire giant simulacrum (Depths:3)
  5 hornets
  31 dream sheep
  Sigmund (D:3)
  A frost giant simulacrum (Depths:3)
  3 shadows
  A slime creature (shapeshifter) (D:15)
  A flying skull (Vaults:3)
  80 slime creatures
  8 air elementals
  A jumping spider (Vaults:4)
  2 jumping spiders (shapeshifter)
  A centaur simulacrum (Hell)
  5 wyverns
  5 spriggans
  4 wraiths
  A vampire (D:12)
  2 ynoxinuls (Lair:5)
  2 fire elementals
  28 water elementals
  57 yaks
  3 dire elephant simulacra (IceCv)
  26 humans
  12 vampire mosquitoes
  A basilisk (shapeshifter) (D:14)
  3 chaos spawn
  A steam dragon (D:8)
  A redback (Vaults:2)
  7 basilisks
  A neqoxec (D:11)
  A sea snake simulacrum (Hell)
  3 harpy simulacra (IceCv)
  6 large abominations
  45 nagas
  3 hydra simulacra
  15 wargs
  2 acid dragons
  A glowing shapeshifter zombie (Vaults:4)
  13 water moccasins
  A floating eye (Depths:3)
  7 hell hounds
  38 orc warriors
  3 ice beasts
  A sky beast (D:7)
  3 black bears
  12 wolves
  12 ogres
  A lemure (D:9)
  16 centaurs
  4 elf zombies (Elf:1)
  2 kobold brigands
  2 gnoll sergeants
  3 scorpions (D:6)
  10 small abominations (Lair:5)
  16 bullfrogs
  A glowing shapeshifter simulacrum (Depths:3)
  A human skeleton (Vaults:4)
  A cane toad simulacrum (IceCv)
  5 killer bees (D:11)
  7 electric eels
  5 howler monkeys
  A crimson imp (D:4)
  4 quasits (D:11)
  11 hounds
  A jelly (D:6)
  17 orc priests
  2 iguanas (D:6)
  Terence (D:3)
  2 sleepcaps (D:6)
  43 orc wizards
  A wolf simulacrum (IceCv)
  7 gnolls
  6 adders
  A shadow imp (D:5)
  A white imp (Vaults:4)
  2 ufetubi (IceCv)
  A worm (D:2)
  14 dart slugs
  111 orcs
  8 ball pythons
  7 bats
  5 endoplasms
  3 giant cockroaches
  12 goblins
  9 hobgoblins
  A jackal (D:7)
  11 kobolds
  A quokka (D:2)
  4 frilled lizards
  A goblin skeleton (D:4)
  A goblin zombie (D:4)
  A hobgoblin zombie (D:4)
  A kobold skeleton (D:4)
  2 kobold zombies (D:4)
  An orc skeleton (D:4)
  13 rats
  6 tentacles
2252 creatures vanquished.

Vanquished Creatures (others)
  A tentacled monstrosity (Zot:2)
  A draconian scorcher (Zot:2)
  A yellow draconian (Zot:1)
  A fire dragon (Depths:4)
  A tengu warrior (D:14)
  A deep elf pyromancer (D:13)
  A moth of wrath (Zot:2)
  A smoke demon (Depths:1)
  A yak (Lair:2)
  A hell hound (Hell)
  2 orc wizards (Orc:2)
  2 orcs
  A bush (Lair:2)
  29 fungi
  188 plants
  16 tentacles
248 creatures vanquished.

Grand Total: 2500 creatures vanquished

Notes
Turn   | Place    | Note
-------+----------+-------------------------------------------
     0 | D:1      | hikkokomori the Barachi Hunter began the quest for the Orb.
     0 | D:1      | Reached XP level 1. HP: 17/17 MP: 1/1
    52 | D:1      | Reached skill level 1 in Stealth
    96 | D:1      | Reached XP level 2. HP: 23/23 MP: 2/2
   417 | D:1      | You fall into a shaft and drop 1 floor!
   425 | D:2      | Reached XP level 3. HP: 29/29 MP: 3/3
   425 | D:2      | Identified 2 scrolls of acquirement
   425 | D:2      | Acquired a +1 arbalest of flaming
   427 | D:2      | Acquired 908 gold pieces
   670 | D:1      | Found a faded altar of an unknown god.
   838 | D:2      | Reached XP level 4. HP: 35/35 MP: 4/4
  1237 | D:2      | Found Nareh's Weapon Boutique.
  1366 | D:2      | Found Lipoy's Magic Scroll Boutique.
  1373 | D:2      | Bought a scroll of immolation for 44 gold pieces
  1373 | D:2      | Bought 2 scrolls of identify for 44 gold pieces
  1373 | D:2      | Bought a scroll of immolation for 44 gold pieces
  1373 | D:2      | Bought a scroll of blinking for 82 gold pieces
  1373 | D:2      | Bought a scroll of teleportation for 33 gold pieces
  1695 | D:3      | Reached XP level 5. HP: 42/42 MP: 5/5
  1841 | D:3      | Noticed Terence
  1843 | D:3      | Killed Terence
  1844 | D:3      | Reached skill level 5 in Ranged Weapons
  1906 | D:3      | Noticed Sigmund
  1912 | D:3      | Killed Sigmund
  1913 | D:3      | Reached XP level 6. HP: 49/49 MP: 6/6
  2463 | D:4      | Acquired a manual of Ranged Weapons
  2465 | D:4      | Acquired a +2 triple crossbow of draining
  2522 | D:4      | Found a glowing golden altar of the Shining One.
  2547 | D:4      | Reached XP level 7. HP: 55/55 MP: 7/7
  2624 | D:4      | Found a white marble altar of Elyvilon.
  2624 | D:4      | Found a basalt altar of Yredelemnul.
  2626 | D:4      | Found an ornate altar of the Wu Jian Council.
  2958 | D:4      | Reached skill level 5 in Fighting
  2959 | D:4      | Noticed Grinder
  2978 | D:4      | Killed Grinder
  3595 | D:5      | Entered Level 5 of the Dungeon
  3619 | D:5      | Found a staircase to the Ecumenical Temple.
  3632 | D:5      | Reached XP level 8. HP: 64/64 MP: 8/8
  3792 | Temple   | Entered the Ecumenical Temple
  3792 | Temple   | Found a transporter.
  3792 | Temple   | Found a transporter.
  3793 | Temple   | Found a transporter.
  3793 | Temple   | Found a transporter.
  3934 | D:5      | Found an iron altar of Okawaru.
  3952 | D:5      | Learned a level 2 spell: Wereblood
  3952 | D:5      | Became a worshipper of Warmaster Okawaru
  4052 | D:5      | Identified the +2 robe of a Hundred Friends {rElec Str+4
                  | Int-5 Slay+3}
  4497 | D:6      | Reached skill level 1 in Transmutations
  4590 | D:6      | Found a bloodstained altar of Trog.
  4604 | D:6      | Reached skill level 5 in Stealth
  4609 | D:6      | Reached skill level 10 in Ranged Weapons
  4931 | D:6      | Found Kausagei's Jewellery Shop.
  4940 | D:6      | Bought an amulet of faith for 600 gold pieces
  4940 | D:6      | Bought a ring of poison resistance for 300 gold pieces
  4955 | D:6      | Learned a level 2 spell: Blink
  4984 | D:6      | Reached * piety under Okawaru
  5035 | D:6      | Reached XP level 9. HP: 67/72 MP: 9/9
  5100 | D:6      | Noticed sugarbear's ghost (novice VSGl)
  5101 | D:6      | Found a runed translucent gate.
  5101 | D:6      | Found a runed translucent gate.
  5101 | D:6      | Found a runed translucent gate.
  5276 | D:6      | Found a glowing silver altar of Zin.
  5367 | D:6      | Found Xyeg's General Store.
  5653 | D:7      | Reached ** piety under Okawaru
  5940 | D:7      | Reached *** piety under Okawaru
  5952 | D:7      | Reached XP level 10. HP: 64/80 MP: 10/10
  5955 | D:7      | Reached **** piety under Okawaru
  6212 | D:7      | Reached skill level 5 in Transmutations
  6400 | D:8      | Found a hide-covered altar of Uskayaw.
  6448 | D:8      | Noticed a purple ugly thing
  6454 | D:8      | Killed a purple ugly thing
  6454 | D:8      | Reached ***** piety under Okawaru
  6561 | D:8      | Paralysed by a hornet for 3 turns
  6853 | D:8      | Reached skill level 1 in Spellcasting
  6856 | D:8      | Reached skill level 1 in Invocations
  7240 | D:9      | Found a stormy altar of Qazlal.
  7350 | D:9      | Identified the +1 cloak "Afurybuh" {Rampage Regen+ Str+3}
                  | (Okawaru gifted it to you on level 9 of the Dungeon)
  7350 | D:9      | Received a gift from Okawaru
  7433 | D:9      | Found a transporter.
  7448 | D:9      | Noticed billz999's ghost (novice GnHu)
  7481 | D:9      | Noticed a moth of wrath
  7519 | D:9      | Found a transporter.
  7607 | D:9      | Noticed Psyche
  7614 | D:9      | Killed Psyche
  7615 | D:9      | Reached XP level 11. HP: 89/89 MP: 14/14
  7794 | D:9      | Noticed Pikel
  7808 | D:9      | Killed Pikel
  8006 | D:10     | Entered Level 10 of the Dungeon
  8022 | D:10     | Reached skill level 10 in Fighting
  8172 | D:10     | Found a flagged portal.
  8191 | Bailey   | Entered a bailey
  8285 | Bailey   | Noticed Prince Ribbit
  8285 | Bailey   | Noticed a vault guard
  8292 | Bailey   | Killed Prince Ribbit
  8302 | Bailey   | Killed a vault guard
  8302 | Bailey   | Reached ****** piety under Okawaru
  8303 | Bailey   | Reached skill level 15 in Ranged Weapons
  8340 | Bailey   | Noticed a vault guard
  8345 | Bailey   | Killed a vault guard
  8425 | D:10     | Found a staircase to the Lair.
  8697 | D:10     | Found a staircase to the Orcish Mines.
  8781 | D:10     | Found an opulent altar of Gozag.
  8782 | D:10     | Found a sparkling altar of Nemelex Xobeh.
  8854 | Lair:1   | Entered Level 1 of the Lair of Beasts
  8894 | Lair:1   | Reached XP level 12. HP: 99/99 MP: 17/17
  8908 | Lair:1   | Identified the +5 hand crossbow of Kismet {flame, rF+
                  | Dex+4} (Okawaru gifted it to you on level 1 of the Lair of
                  | Beasts)
  8908 | Lair:1   | Received a gift from Okawaru
  8989 | Lair:1   | Noticed a death yak
  8999 | Lair:1   | Noticed a death yak
  9001 | Lair:1   | Killed a death yak
  9001 | Lair:1   | Noticed a death yak
  9004 | Lair:1   | Killed a death yak
  9005 | Lair:1   | Reached skill level 5 in Invocations
  9009 | Lair:1   | Killed a death yak
  9194 | Lair:1   | Received a gift from Okawaru
  9284 | Lair:1   | Noticed Amaemon
  9298 | Lair:1   | Killed Amaemon
  9958 | Lair:2   | Reached skill level 5 in Dodging
  9991 | Lair:2   | You fall into a shaft and drop 2 floors!
 10034 | Lair:4   | Received a gift from Okawaru
 10057 | Lair:4   | Noticed a seven-headed hydra
 10060 | Lair:4   | Killed a seven-headed hydra
 10084 | Lair:4   | Noticed a six-headed hydra
 10094 | Lair:4   | Killed a six-headed hydra
 10117 | Lair:4   | Gained mutation: You can hop long distances. [Barachi
                  | growth]
 10117 | Lair:4   | Reached XP level 13. HP: 109/109 MP: 18/18
 10350 | Lair:4   | Identified the +0 storm dragon scales of the Unbroken
                  | {rElec rCorr} (Okawaru gifted it to you on level 4 of the
                  | Lair of Beasts)
 10350 | Lair:4   | Received a gift from Okawaru
 10756 | Lair:3   | Found a staircase to the Snake Pit.
 11095 | Lair:3   | Found a staircase to the Shoals.
 11126 | Lair:3   | Noticed Sonja
 11127 | Lair:3   | Killed Sonja
 11864 | Lair:2   | Received a gift from Okawaru
 11999 | Lair:2   | Reached skill level 1 in Evocations
 11999 | Lair:2   | Reached XP level 14. HP: 119/119 MP: 18/20
 12499 | Lair:5   | Entered Level 5 of the Lair of Beasts
 12519 | Lair:5   | Received a gift from Okawaru
 12981 | Lair:5   | Received a gift from Okawaru
 13136 | Lair:5   | Identified the +9 spear "Dioxal" {freeze, rN+ Str-4 Int+2}
 13153 | Lair:5   | Reached skill level 10 in Dodging
 13153 | Lair:5   | Reached skill level 10 in Stealth
 13204 | Lair:5   | Reached skill level 5 in Evocations
 13439 | Lair:5   | Reached XP level 15. HP: 127/127 MP: 19/21
 13566 | Lair:5   | Identified the +0 ring mail of Diuv {Rampage rElec rCorr}
                  | (Okawaru gifted it to you on level 5 of the Lair of Beasts)
 13566 | Lair:5   | Received a gift from Okawaru
 13620 | Lair:5   | Found a staircase to the Slime Pits.
 13749 | Lair:5   | Reached skill level 15 in Fighting
 13767 | Lair:5   | Found a corrupted altar of Lugonu.
 13767 | Lair:5   | Found a one-way gate to the infinite horrors of the Abyss.
 13968 | Orc:1    | Entered Level 1 of the Orcish Mines
 13968 | Orc:1    | Noticed an orc warlord
 13980 | Orc:1    | Killed an orc warlord
 13992 | Orc:1    | Noticed Fannar
 14067 | Orc:1    | Noticed Erolcha
 14070 | Orc:1    | Killed Erolcha
 14300 | Orc:1    | Killed Fannar
 14486 | Orc:2    | Entered Level 2 of the Orcish Mines
 14486 | Orc:2    | Found a staircase to the Elven Halls.
 14506 | Orc:2    | Found a runed translucent gate.
 14506 | Orc:2    | Found a runed translucent gate.
 14507 | Orc:2    | Found a runed translucent gate.
 14511 | Orc:2    | Noticed osoart's ghost (journeyman DsBe)
 14524 | Orc:2    | Found a frozen archway.
 14528 | Orc:2    | Found Fotsibly's Jewellery Boutique.
 14531 | IceCv    | Entered an ice cave
 14542 | IceCv    | Identified the +8 shortbow "Any Ruc" {freeze, Will+ rCorr
                  | MP-9} (Okawaru gifted it to you in an ice cave)
 14542 | IceCv    | Received a gift from Okawaru
 14790 | IceCv    | Identified the +7 chain mail of Sloth {rF- Str+5 SInv}
 15197 | Orc:2    | Found Paxum's Weapon Shop.
 15197 | Orc:2    | Found Veusifep's Book Emporium.
 15207 | Orc:2    | Paralysed by an orc sorcerer for 3 turns
 15305 | Orc:2    | Found Jiot's Armour Shop.
 15305 | Orc:2    | Found Jeuzak's Weapon Emporium.
 15827 | Orc:2    | Received a gift from Okawaru
 16085 | Orc:2    | Killed osoart's ghost
 16090 | Orc:2    | Identified the +0 scale mail of Restlessness {rF+ rN+ Str+3
                  | SInv} (Okawaru gifted it to you on level 2 of the Orcish
                  | Mines)
 16090 | Orc:2    | Received a gift from Okawaru
 16219 | D:11     | Found a transporter.
 16223 | D:11     | Noticed Pokonic1's ghost (journeyman GrFi)
 16644 | D:11     | Found a transporter.
 16965 | D:6      | Killed sugarbear's ghost
 17616 | D:12     | Reached XP level 16. HP: 138/138 MP: 20/22
 18189 | D:13     | Noticed Nessos
 18189 | D:13     | Noticed Urug
 18189 | D:13     | Found a gate to the Vaults.
 18189 | D:13     | Found a runed translucent gate.
 18189 | D:13     | Found a runed translucent gate.
 18189 | D:13     | Found a runed translucent gate.
 18258 | D:13     | Found a shimmering altar of Xom.
 18258 | D:13     | Found a shimmering altar of Xom.
 18258 | D:13     | Found a shimmering altar of Xom.
 18258 | D:13     | Found a shimmering altar of Xom.
 18258 | D:13     | Found a shimmering altar of Xom.
 18258 | D:13     | Found Taulo's Magic Scroll Shoppe.
 18277 | D:13     | Bought a scroll of identify for 28 gold pieces
 18277 | D:13     | Bought a scroll of identify for 28 gold pieces
 18378 | D:13     | Killed Urug
 18378 | D:13     | Received a gift from Okawaru
 18438 | D:13     | Killed Nessos
 18673 | D:13     | Noticed Nialiw's ghost (journeyman GnHu)
 18741 | D:13     | Found a shimmering altar of Xom.
 18862 | D:13     | Acquired the amulet of Starshine {RegenMP Regen+ rCorr
                  | Str-5 Slay+2}
 19157 | D:13     | Found a shimmering altar of Xom.
 19157 | D:13     | Found a shimmering altar of Xom.
 19377 | D:14     | Received a gift from Okawaru
 20000 | D:14     | Identified the ring "Qaese" {Will++ Str+2 Slay+4}
 20253 | D:15     | Entered Level 15 of the Dungeon
 20343 | D:15     | Reached skill level 1 in Armour
 20561 | D:15     | Reached XP level 17. HP: 146/146 MP: 20/23
 20783 | D:15     | Found a staircase to the Depths.
 20962 | D:15     | Found Pial's General Store.
 21258 | Shoals:1 | Entered Level 1 of the Shoals
 21779 | Shoals:1 | Received a gift from Okawaru
 22068 | Shoals:1 | Upgraded the game from 0.30-a0-918-g0ff054e9dc to
                  | 0.30-a0-920-g7493c07aab
 22117 | Shoals:1 | Reached skill level 1 in Shields
 22971 | Shoals:2 | Noticed a kraken
 23009 | Shoals:2 | Killed a kraken
 24029 | Shoals:3 | Reached skill level 5 in Armour
 24102 | Shoals:3 | Found a flickering gateway to a bazaar.
 24141 | Bazaar   | Entered a bazaar
 24142 | Bazaar   | Found Jixem's General Store.
 24195 | Bazaar   | Found Cyve's Antique Weapon Emporium.
 24219 | Bazaar   | Found Teqirph's Antique Armour Shop.
 24229 | Bazaar   | Found Vapud's Distillery.
 24303 | Bazaar   | Bought a faintly glowing triple sword for 390 gold pieces
 24303 | Bazaar   | Identified the +2 triple sword "Puvuara" {venom, *Rage Fly
                  | rPois Stlth+} (You bought it in a shop in a bazaar)
 24328 | Bazaar   | Bought a warped buckler for 218 gold pieces
 24328 | Bazaar   | Identified the +2 buckler "Nigann" {rPois rF- Str+9 Slay+3}
                  | (You bought it in a shop in a bazaar)
 24328 | Bazaar   | Bought a pair of distressingly furry gloves for 218 gold
                  | pieces
 24328 | Bazaar   | Identified the +0 pair of gloves of Doggemen {-Tele +Inv
                  | rC+ Slay+6} (You bought it in a shop in a bazaar)
 24338 | Bazaar   | Bought a glowing helmet for 172 gold pieces
 24391 | Bazaar   | Bought a scroll of acquirement for 832 gold pieces
 24391 | Bazaar   | Acquired the ring "Poomuas" {rElec rC+ Will- EV+5 Str+8}
 24406 | Bazaar   | Bought a scroll of enchant weapon for 120 gold pieces
 24459 | Bazaar   | Bought a potion of resistance for 90 gold pieces
 24459 | Bazaar   | Bought a potion of cancellation for 72 gold pieces
 24468 | Bazaar   | Bought a glowing scarf for 184 gold pieces
 24544 | Bazaar   | Bought a potion of might for 64 gold pieces
 24544 | Bazaar   | Bought a potion of mutation for 128 gold pieces
 25072 | Shoals:3 | Identified the +5 cloak of Insatiable Hunger {Rampage rN+
                  | Dex+4 Slay+3 SInv} (Okawaru gifted it to you on level 3 of
                  | the Shoals)
 25072 | Shoals:3 | Received a gift from Okawaru
 25291 | Shoals:2 | Reached skill level 5 in Spellcasting
 25448 | Shoals:2 | Reached skill level 5 in Shields
 25970 | Shoals:3 | Noticed Mara
 25977 | Shoals:3 | Killed Mara
 26095 | Shoals:3 | Noticed a kraken
 26108 | Shoals:3 | Killed a kraken
 26530 | Shoals:4 | Entered Level 4 of the Shoals
 26550 | Shoals:4 | Reached XP level 18. HP: 154/154 MP: 27/27
 26756 | Shoals:4 | Identified the +3 arbalest of Truth {penet, rN++ Str-4
                  | Dex+2 SInv} (Okawaru gifted it to you on level 4 of the
                  | Shoals)
 26756 | Shoals:4 | Received a gift from Okawaru
 27477 | Shoals:4 | Received a gift from Okawaru
 27614 | Shoals:4 | Paralysed by an air elemental for 1 turns
 27770 | Shoals:4 | Noticed Polyphemus
 27774 | Shoals:4 | Killed Polyphemus
 27801 | Shoals:4 | Identified the ring of the Shrike {MP+9 Int+5}
 27827 | Shoals:4 | Got a barnacled rune of Zot
 27873 | Shoals:4 | Reached skill level 10 in Armour
 28151 | Shoals:4 | Received a gift from Okawaru
 28364 | Snake:1  | Entered Level 1 of the Snake Pit
 28366 | Snake:1  | Noticed Aizul
 28388 | Snake:1  | Killed Aizul
 28553 | Snake:1  | Reached skill level 10 in Evocations
 28628 | Snake:1  | Received a gift from Okawaru
 28639 | Snake:1  | Found a runed translucent door.
 28640 | Snake:1  | Found a shimmering altar of Xom.
 28640 | Snake:1  | Identified the +2 battleaxe of Honour {chaos, *Noise Fly
                  | Will+++ Str-2}
 28640 | Snake:1  | Noticed jlumianski's ghost (journeyman DsFi)
 28671 | Snake:1  | Reached XP level 19. HP: 163/163 MP: 31/31
 28778 | Snake:1  | Noticed Mlioglotl
 28794 | Snake:1  | Killed Mlioglotl
 29354 | Snake:2  | Identified the +2 pair of boots "Becibruca" {*Corrode rN+++
                  | Str-4 Int+3} (Okawaru gifted it to you on level 2 of the
                  | Snake Pit)
 29354 | Snake:2  | Received a gift from Okawaru
 29587 | Snake:2  | Found Motudal's Assorted Antiques.
 29686 | Snake:2  | Found Ekhien's General Store.
 29689 | Snake:2  | Found Xifran's Weapon Shop.
 29715 | Snake:2  | Found Biarol's Weapon Boutique.
 29801 | Snake:3  | Found a runed translucent gate.
 30113 | Snake:3  | Noticed Roxanne
 30149 | Snake:3  | Killed Roxanne
 30181 | Snake:3  | Learned a level 5 spell: Metabolic Englaciation
 30219 | Snake:3  | Found a runed translucent gate.
 30219 | Snake:3  | Found a runed translucent gate.
 30346 | Snake:3  | Noticed Saint Roka
 30369 | Snake:3  | Killed Saint Roka
 30665 | Snake:3  | Received a gift from Okawaru
 31164 | Snake:3  | Reached XP level 20. HP: 174/174 MP: 32/32
 31328 | Snake:4  | Entered Level 4 of the Snake Pit
 31331 | Snake:3  | Acquired 1059 gold pieces
 31335 | Snake:3  | Acquired a manual of Conjurations
 31337 | Snake:3  | Acquired 1173 gold pieces
 31400 | Snake:4  | Reached skill level 1 in Ice Magic
 31491 | Snake:4  | Reached skill level 1 in Hexes
 31522 | Snake:4  | Received a gift from Okawaru
 31852 | Snake:4  | Identified the +2 longbow "Beastbane" {speed, rN+ Dex+6}
                  | (Okawaru gifted it to you on level 4 of the Snake Pit)
 31852 | Snake:4  | Received a gift from Okawaru
 32362 | Snake:4  | Got a serpentine rune of Zot
 32818 | Vaults:1 | Entered Level 1 of the Vaults
 32963 | Vaults:1 | Reached skill level 5 in Ice Magic
 33020 | Vaults:1 | Identified the +2 leather armour "Taasmir" {Fly Will++
                  | Str-5 Dex+2}
 33205 | Vaults:1 | Found a huge runed gate.
 33205 | Vaults:1 | Found a huge runed gate.
 33205 | Vaults:1 | Found a huge runed gate.
 33205 | Vaults:1 | Found a huge runed gate.
 33205 | Vaults:1 | Found a huge runed gate.
 33205 | Vaults:1 | Found a huge runed gate.
 33205 | Vaults:1 | Found a huge runed gate.
 33206 | Vaults:1 | Found a huge runed gate.
 33206 | Vaults:1 | Found a huge runed gate.
 33206 | Vaults:1 | Found a huge runed gate.
 33206 | Vaults:1 | Found a huge runed gate.
 33206 | Vaults:1 | Found a huge runed gate.
 33206 | Vaults:1 | Found a huge runed gate.
 33207 | Vaults:1 | Found a huge runed gate.
 33208 | Vaults:1 | Found a huge runed gate.
 33208 | Vaults:1 | Found a huge runed gate.
 33209 | Vaults:1 | Found a huge runed gate.
 33210 | Vaults:1 | Found a huge runed gate.
 33219 | Vaults:1 | Found a huge runed gate.
 33219 | Vaults:1 | Found a huge runed gate.
 33219 | Vaults:1 | Found a huge runed gate.
 33219 | Vaults:1 | Found a huge runed gate.
 33219 | Vaults:1 | Found a huge runed gate.
 33219 | Vaults:1 | Found a huge runed gate.
 33219 | Vaults:1 | Found a huge runed gate.
 33220 | Vaults:1 | Found a huge runed gate.
 33221 | Vaults:1 | Found a huge runed gate.
 33230 | Vaults:1 | Found a huge runed gate.
 33230 | Vaults:1 | Found a huge runed gate.
 33230 | Vaults:1 | Found a huge runed gate.
 33230 | Vaults:1 | Found a huge runed gate.
 33230 | Vaults:1 | Found a huge runed gate.
 33230 | Vaults:1 | Found a huge runed gate.
 33230 | Vaults:1 | Found a huge runed gate.
 33231 | Vaults:1 | Found a huge runed gate.
 33232 | Vaults:1 | Found a huge runed gate.
 33346 | Vaults:1 | Identified the +2 trident "Anwut" {flame, rF- rCorr Dex+3}
 33646 | Vaults:1 | Found Kyrph's Weapon Emporium.
 33689 | Vaults:1 | Found a runed translucent gate.
 33689 | Vaults:1 | Found a runed translucent gate.
 33689 | Vaults:1 | Found a runed translucent gate.
 33779 | Vaults:1 | Noticed Leriaza's ghost (veteran DsVM)
 33779 | Vaults:1 | Identified the ring "Yruvimp" {rF+ Will+ Str+4}
 33899 | Depths:1 | Entered Level 1 of the Depths
 33965 | Depths:1 | Noticed a caustic shrike
 33973 | Depths:1 | Killed a caustic shrike
 33974 | Depths:1 | Reached skill level 5 in Hexes
 34007 | Depths:1 | Received a gift from Okawaru
 34243 | Depths:1 | Reached skill level 10 in Spellcasting
 34344 | Depths:1 | Reached skill level 15 in Armour
 34373 | Depths:1 | Found Luanacoa's Assorted Antiques.
 34378 | Depths:1 | Bought a potion of mutation for 248 gold pieces
 34378 | Depths:1 | Gained mutation: You are vulnerable to cold. (rC-) [potion
                  | of mutation]
 34530 | Depths:1 | Noticed a caustic shrike
 34536 | Depths:1 | Killed a caustic shrike
 34536 | Depths:1 | Received a gift from Okawaru
 34618 | Depths:1 | Found a gateway to Hell.
 34731 | Depths:1 | Found a white marble altar of Elyvilon.
 34747 | Depths:1 | Found a white marble altar of Elyvilon.
 34748 | Depths:1 | Found a glowing golden altar of the Shining One.
 34749 | Depths:1 | Found a glowing silver altar of Zin.
 34873 | Depths:2 | Noticed a golden dragon
 35129 | Depths:1 | Reached XP level 21. HP: 100/181 MP: 35/35
 35305 | Depths:1 | Killed a golden dragon
 35416 | Depths:2 | Identified the +2 pair of boots of Milaef {rElec Will-
                  | Int+3} (Okawaru gifted it to you on level 2 of the Depths)
 35416 | Depths:2 | Received a gift from Okawaru
 35830 | Depths:2 | Found a one-way gate leading to the halls of Pandemonium.
 36374 | Depths:3 | Noticed a golden dragon
 36417 | Depths:3 | Killed a golden dragon
 36469 | Depths:3 | Received a gift from Okawaru
 36511 | Depths:3 | Identified the +6 glaive "Uqischaimn" {drain, rF- MP+9
                  | Str+4}
 36727 | Depths:3 | Noticed a golden dragon
 36737 | Depths:3 | Noticed a golden dragon
 36745 | Depths:3 | Killed a golden dragon
 37246 | D:6      | Bought a book of Lightning for 494 gold pieces
 37246 | D:6      | Bought a scroll of amnesia for 52 gold pieces
 37246 | D:6      | Bought a scroll of immolation for 52 gold pieces
 37246 | D:6      | Bought a scroll of fear for 52 gold pieces
 37482 | Depths:4 | Entered Level 4 of the Depths
 37673 | Depths:3 | Killed a golden dragon
 37673 | Depths:3 | Identified the +1 chain mail of the Nexus {rC- Will+ Int+4}
                  | (Okawaru gifted it to you on level 3 of the Depths)
 37673 | Depths:3 | Received a gift from Okawaru
 37775 | Depths:3 | Identified the +3 trident "Acuoxtar" {elec, *Slow rF+ Will+
                  | MP+9}
 37775 | Depths:3 | Identified the ring "Ymmatuso" {Ice Dex+6}
 37775 | Depths:3 | Noticed Josephina
 37780 | Depths:3 | Killed Josephina
 38296 | Depths:3 | Identified the ring "Jaumpy" {Ice Fly rN+ MP+9}
 38296 | Depths:3 | Noticed Grunn
 38306 | Depths:3 | Reached XP level 22. HP: 164/191 MP: 38/38
 38307 | Depths:3 | Killed Grunn
 38319 | Arena    | Entered the Arena
 38405 | Depths:3 | Identified the +4 halberd of Okawaru's Whim {freeze, *Rage
                  | rElec Str+2 Int+2} (Okawaru gifted it to you on level 3 of
                  | the Depths)
 38405 | Depths:3 | Received a gift from Okawaru
 38649 | Depths:3 | Noticed a golden dragon
 38661 | Depths:3 | Killed a golden dragon
 38997 | Elf:1    | Entered Level 1 of the Elven Halls
 39394 | Elf:1    | Identified the scarf "Nuurrifo" {repulsion, rN+ rCorr Str+3
                  | Int+3} (Okawaru gifted it to you on level 1 of the Elven
                  | Halls)
 39394 | Elf:1    | Received a gift from Okawaru
 40279 | Elf:2    | Reached skill level 10 in Invocations
 40354 | Elf:2    | Identified the -1 pair of boots of Sucrel {Int+3 Slay+4
                  | SInv}
 40733 | Elf:2    | Found a runed translucent gate.
 40734 | Elf:2    | Found a runed translucent gate.
 40734 | Elf:2    | Found a runed translucent gate.
 41127 | Elf:2    | Identified the +5 arbalest "Roocuica" {heavy, rN+ Dex+4}
                  | (Okawaru gifted it to you on level 2 of the Elven Halls)
 41127 | Elf:2    | Received a gift from Okawaru
 41265 | Elf:3    | Entered Level 3 of the Elven Halls
 41445 | Elf:3    | Noticed Louise
 41461 | Elf:3    | Killed Louise
 41672 | Elf:3    | Found Erolam's Book Shop.
 41674 | Elf:3    | Found Acoawk's Jewellery Emporium.
 41675 | Elf:3    | Found Rarea's Book Shop.
 41681 | Elf:3    | Bought the Thoughts on the Ensnaring Crevasse for 736 gold
                  | pieces
 41681 | Elf:3    | Bought a manual of Fighting for 1280 gold pieces
 41763 | Elf:3    | Reached XP level 23. HP: 200/200 MP: 39/41
 42285 | Elf:3    | Identified the orb of Twilight {guile, Int+2}
 42289 | Elf:3    | Identified the +1 pair of boots of Toaver {rElec Will+
                  | Regen+ rCorr} (Okawaru gifted it to you on level 3 of the
                  | Elven Halls)
 42289 | Elf:3    | Received a gift from Okawaru
 42305 | Elf:3    | Reached skill level 15 in Spellcasting
 42753 | Elf:3    | Learned a level 3 spell: Ozocubu's Armour
 42761 | Elf:3    | Learned a level 5 spell: Freezing Cloud
 42769 | Elf:3    | Learned a level 7 spell: Ozocubu's Refrigeration
 42818 | Elf:3    | Identified the +1 scale mail "Yluot" {Fly rN+ Str+3 Slay-6}
 43233 | Hell     | Entered the Vestibule of Hell
 43233 | Hell     | Noticed Geryon
 43242 | Hell     | Reached skill level 1 in Conjurations
 43255 | Depths:1 | Reached skill level 1 in Air Magic
 43845 | Hell     | Killed Geryon
 44103 | Hell     | Reached skill level 5 in Conjurations
 44281 | Hell     | Learned a level 5 spell: Plasma Beam
 44312 | Hell     | Received a gift from Okawaru
 44313 | Hell     | Noticed a dread lich
 44461 | Hell     | Killed a dread lich
 44775 | Hell     | Reached skill level 5 in Air Magic
 44876 | Depths:1 | Acquired the ring "Plog" {Contam rPois rF+ rC+++ Slay-6}
 45312 | Depths:3 | Received a gift from Okawaru
 45416 | Depths:3 | Identified the +2 chain mail of Siruciubb {Drain rF- rN+++
                  | rCorr}
 45645 | Depths:3 | Identified the +6 falchion of Tanyn {spect, *Corrode rC++
                  | Int+3 Dex+2}
 45696 | Depths:3 | Identified the -1 pair of boots "Jitrodghy" {rPois}
 45707 | Depths:3 | Noticed a caustic shrike
 45714 | Depths:3 | Killed a caustic shrike
 45715 | Depths:3 | Reached XP level 24. HP: 210/212 MP: 42/42
 45912 | Depths:4 | Reached skill level 1 in Fire Magic
 45921 | Depths:4 | Reached skill level 10 in Conjurations
 46070 | Depths:4 | Identified the +0 robe "Xuiss" {Regen+ Str+7 Int+2}
                  | (Okawaru gifted it to you on level 4 of the Depths)
 46070 | Depths:4 | Received a gift from Okawaru
 46141 | Depths:4 | Found a one-way gateway to a ziggurat.
 46144 | Depths:4 | Found a hazy altar of Hepliaklqana.
 46285 | Depths:4 | Found a gate to the Realm of Zot.
 46927 | Slime:1  | Entered Level 1 of the Pits of Slime
 47230 | Slime:5  | Entered Level 5 of the Pits of Slime
 47238 | Slime:5  | Reached skill level 5 in Fire Magic
 47247 | Slime:5  | Noticed the Royal Jelly
 47258 | Slime:5  | Killed the Royal Jelly
 47258 | Slime:5  | Received a gift from Okawaru
 47275 | Arena    | Entered the Arena
 47683 | Slime:5  | Found the dreamshard necklace {*Dream Drain}
 47683 | Slime:5  | Found the +9 staff of Wucad Mu {*channel}
 47705 | Slime:5  | Identified the ring "Zeomi" {rF+ Will+ Int-5 Dex+5}
 47729 | Slime:5  | Got a slimy rune of Zot
 47773 | Slime:5  | Identified the +8 glaive of Pride {heavy, Will++ Int+3}
 47813 | Slime:5  | Identified the orb of Ru, Singing {*channel, rN+ Regen+
                  | Str+9 Stlth-}
 47817 | Slime:5  | Identified the staff of cold "Heaq" {rElec rC+ Str+5}
 47837 | Slime:5  | Identified the staff of fire "Kiga" {*Slow Fly rElec rPois
                  | rF+}
 47848 | Slime:5  | Identified the +5 short sword of Dishonour {heavy, rF++
                  | Int+3 Dex-3}
 48737 | Vaults:2 | Received a gift from Okawaru
 48802 | Vaults:2 | Identified the +4 whip "Pyixisk" {holy, rPois rC+}
 48864 | Vaults:2 | Noticed Margery
 48874 | Vaults:2 | Killed Margery
 49071 | Vaults:2 | Reached XP level 25. HP: 219/219 MP: 42/42
 49089 | Vaults:2 | Reached skill level 10 in Air Magic
 49329 | Vaults:2 | Found Suteotai's Book Boutique.
 49339 | Vaults:2 | Bought a Necronomicon for 1064 gold pieces
 49447 | Vaults:2 | Received a gift from Okawaru
 49526 | Vaults:2 | Got Womemp's Almanac of Sandy Shadows
 49528 | Vaults:2 | You fall into a shaft and drop 1 floor!
 49552 | Vaults:3 | Found a staircase to the Crypt.
 49833 | Vaults:3 | Reached skill level 15 in Conjurations
 50076 | Vaults:3 | Identified the +0 dagger of Yckodghohix {speed, rC- Int+3}
                  | (Okawaru gifted it to you on level 3 of the Vaults)
 50076 | Vaults:3 | Received a gift from Okawaru
 50610 | Vaults:4 | Noticed Mennas
 50627 | Vaults:4 | Killed Mennas
 52027 | Zot:1    | Entered Level 1 of the Realm of Zot
 52036 | Zot:1    | Received a gift from Okawaru
 52036 | Zot:1    | Found the +8 orange crystal plate armour {Archmagi, Int+3
                  | Clar}
 52154 | Zot:1    | Reached skill level 10 in Ice Magic
 52444 | Zot:1    | Found the +4 dragonskin cloak
 52444 | Zot:1    | Noticed Tiamat
 52449 | Zot:1    | Reached XP level 26. HP: 217/226 MP: 42/42
 52464 | Zot:1    | HP: 11/226 [Tiamat/blast of cold (53)]
 52471 | Arena    | Entered the Arena
 52523 | Zot:2    | Acquired the +2 kite shield of the World {rF+ Will+ Int+2}
 52602 | Zot:1    | Killed Tiamat
 52979 | Zot:1    | Noticed Parghit
 53016 | Zot:1    | Killed Parghit
 53167 | Zot:1    | Identified the +8 arbalest of the Mushroom {penet, rCorr}
                  | (Okawaru gifted it to you on level 1 of the Realm of Zot)
 53167 | Zot:1    | Received a gift from Okawaru
 53890 | Zot:2    | Found an iron altar of Okawaru.
 53904 | Zot:2    | Found a transporter.
 53906 | Zot:2    | Found the +5 demon whip "Spellbinder" {antimagic, disrupt,
                  | Will+}
 53994 | Zot:2    | Identified the +0 helmet "Obru Isi" {Dex+2 SInv} (Okawaru
                  | gifted it to you on level 2 of the Realm of Zot)
 53994 | Zot:2    | Received a gift from Okawaru
 54091 | Zot:2    | Found a transporter.
 54549 | Zot:2    | Noticed a Killer Klown
 54551 | Zot:2    | Noticed an ancient lich
 54558 | Zot:2    | Killed an ancient lich
 54563 | Zot:2    | Reached skill level 10 in Shields
 54567 | Arena    | Entered the Arena
 54570 | Arena    | Gained mutation: You are frail. (-10% HP) [mutagenic glow]
 54581 | Arena    | Gained mutation: You are very frail. (-20% HP) [mutagenic
                  | glow]
 54586 | Zot:2    | Killed a Killer Klown
 54587 | Zot:2    | HP: 8/180 [Hell Sentinel/damnation[a Zot trap] (41)]
 54588 | Zot:2    | Killed from afar by a Hell Sentinel

Illustrated notes

Levels and vault maps discovered:
D:1:      minmay_arrival_loop, layout_basic, ebering_ecumenical_altar_webs,
          moated_statue, minmay_tetromino_s2
D:2:      minmay_angry_zag, layout_basic, serial_shops,
          nicolae_shop_behind_doors, nicolae_shop_bloodbath_and_beyond,
          minmay_cut_off
D:3:      kennysheep_slugbush, layout_basic, uniq_sigmund, uniq_terence
D:4:      layout_layer_cave, gammafunk_temple_overflow_claw,
          nicolae_tso_besieged_by_evil, minivault_24, uniq_grinder
D:5:      layout_loops_ring, mainiacjoe_overflow_small_starburst,
          minmay_temple_entry_grid, minmay_misc_feat_square
D:6:      cheibrodos_iron_armory, layout_basic, bloody_trog, marbit_many_paths,
          serial_shops, shop, shop, biasface_ghost_orc_armoury,
          minmay_manual_mares
D:7:      erik_cavepeople, layout_basic
D:8:      layout_gridville, nicolae_uskayaw_dance_hall
D:9:      layout_loops_corners, grunt_qazlal_clouds,
          gammafunk_ghost_berserking_beasts, uniq_psyche, uniq_pikel
D:10:     layout_loops_ring, grunt_temple_overflow_opulence,
          erik_lair_orcish_takeover, orc_0_dummy, enter_bailey_5
D:11:     layout_loops_cross, gammafunk_ghost_stat_death
D:12:     layout_long_grid
D:13:     minmay_the_grid_octo_tiled_squarecenter [minmay_the_grid_octo_focus,
          minmay_the_grid_octo_clover, minmay_the_grid_octo_fat_diamond,
          minmay_the_grid_octo_vomiting_pacman,
          minmay_the_grid_square_5x5_megaprize_hollow,
          minmay_the_grid_square_5x5_fat_x,
          minmay_the_grid_square_5x5_two_walls_b,
          minmay_the_grid_square_5x5_hourglass,
          minmay_the_grid_square_5x5_sharp_hourglass], layout_cave_pools,
          david_vaults_3, serial_shops, nicolae_shop_window_shopping,
          gammafunk_ghost_spectres, columned_hall_lemuel, xom_shifter_show
D:14:     layout_loops_ring, dreamdust_princess_corridor
D:15:     gammafunk_enter_depths_forms, layout_irregular_city,
          hangedman_decor_lopped, serial_shops, shop
Temple:   hellmonk_temple_divided_pantheon
Lair:1:   layout_cave_pods, nicolae_quartered_pool_little, grunt_megastairs_3,
          uniq_amaemon, uniq_urug
Lair:2:   layout_roguey, infiniplex_staircase_pool_2
Lair:3:   layout_cave_pods, elwin_shoals_entry_rooms,
          guppyfry_snake_entry_island, uniq_sonja
Lair:4:   layout_long_grid, lemuel_old_faithful
Lair:5:   hellmonk_lair_end_abyssal_woods, layout_misc_corridors,
          dpeg_slime_entry_enclosed, minivault_11
Shoals:1: layout_shoals, nicolae_shoals_wave_tunnel
Shoals:2: layout_shoals, centaur_isle
Shoals:3: layout_shoals, serial_shops, bzr_firewalk, uniq_mara
Shoals:4: shoals_end_hellmonk_storm_palace [storm_palace_center_circular,
          storm_palace_corner_blocked, storm_palace_corner_pillars,
          storm_palace_corner_pillars, storm_palace_corner_pillars],
          uniq_polyphemus
Snake:1:  layout_misc_corridors, ebering_ghost_xom, drop_trap, st_stairs_5,
          nicolae_snake_lava_pool, uniq_aizul, uniq_mlioglotl
Snake:2:  layout_rooms, serial_shops, shop, nrook_guardian_serpent_ordinary,
          minmay_shop_star
Snake:3:  layout_basic, serial_bayou, serial_bayou_lake_a, serial_bayou_ford_a,
          serial_bayou_lagoon_b, serial_bayou_shore_b,
          nicolae_snake_horde_hoard, uniq_saint_roka, uniq_roxanne
Snake:4:  grunt_snake_rune_pools, layout_cave_town
Slime:1:  layout_caves, nicolae_slime_barrier,
          cheibrodos_slime_lost_civilization_5
Slime:2:  layout_caves, cheibrodos_slime_lost_civilization_4
Slime:3:  cheibrodos_slime_lost_civilization_3, layout_caves
Slime:4:  layout_caves, nicolae_slime_round_cave
Slime:5
Orc:1:    layout_caves, elves_outpost_lemuel, uniq_fannar, uniq_erolcha
Orc:2:    st_orc_town, layout_caves, maelrawn_ghost_gauntlet_escape,
          serial_shops, nicolae_shop_statue_plus,
          portal_ice_cave_entry_pillars_2, nooodl_orcs_dogs
Elf:1:    eino_elf_arrival_the_gate, layout_onion_city, minivault_28,
          minmay_elf_necromancy
Elf:2:    nicolae_elf_blades_crystal_corner, layout_onion_city
Elf:3:    minmay_elf_hall_spiked, layout_loops_ring, fountainhead,
          minmay_shop_grove, uniq_louise
Vaults:1: gammafunk_ghost_tricky_traps, v_misc_16, v_misc_24,
          vaults_room_door_ring, ontoclasm_vaults_hangar,
          nicolae_vaults_alarming, nicolae_vaults_little_squares_3,
          not_door_vault_mu, vaults_room_stairs_pillars, layout_vaults_omnigrid,
          serial_shops, nicolae_lakefront_shop
Vaults:2: nicolae_vaults_halls_meeting, vaults_room_door_hall,
          ontoclasm_vaults_ligature, vaults_room_grid, v_misc_15, v_misc_27,
          vaults_dpeg_cross, nicolae_vaults_circle_grid_b, v_misc_10,
          dpeg_vaults_monster_row, vaults_room_corners,
          vaults_dpeg_encased_lava, layout_vaults_ring, serial_shops,
          nicolae_diamond_shop, uniq_margery
Vaults:3: vaults_mumra_chevron_long, v_misc_1, vaults_room_octagon,
          ontoclasm_vaults_shuriken, minmay_crypt_entry_simple_box, v_rooms_6,
          nicolae_vaults_inception_scallops, v_misc_9, grunt_vaults_swirl,
          nicolae_vaults_three_branches, layout_vaults_omnicross
Vaults:4: v_misc_17, serial_ice_h, ontoclasm_vaults_chip,
          hangedman_vaults_cutoff, hangedman_vaults_capsules,
          grunt_vaults_twisty, nicolae_vaults_bisected_exclaves,
          ontoclasm_vaults_chip, layout_vaults_big_room, uniq_mennas
Depths:1: layout_basic, serial_shops, kennysheep_little_box, good_gods_temple_1,
          grunt_hell_entry_dis_mu, moated_statue, elyvilon_altar_5,
          kennysheep_cross_landing, serial_bayou_shore_a
Depths:2: hangedman_cross_stitches, layout_gridlike, grunt_pan_entry_zigzag,
          grunt_decor_resistance, hell_entry, minmay_staircase_statues
Depths:3: box_level_dp, abyss_entry, hell_entry, uniq_grunn, uniq_josephina
Depths:4: grunt_twist_and_shout, layout_long_grid, enter_ziggurat_f,
          pf_coc_iceberg, nicolae_hepliaklqana_hazy_memory, hex_medium
Hell
Zot:1:    layout_gridlike, grunt_megastairs_2, uniq_parghit, uniq_tiamat
Zot:2:    gammafunk_its_a_trap, layout_misc_corridors, basic_altar,
          zot_minivault_3

Skill      XL: |  1  2  3  4  5  6  7  8  9 10 11 12 13 14 15 16 17 18 19 20 21 22 23 24 25 26 |
---------------+-------------------------------------------------------------------------------+-----
Stealth        | 1 2 3 4 5 6 7 8 10 11 12 13 | 13.4
Fighting       | 3 4 5 7 8 9 10 12 13 14 15 16 17 18 19 20 21 22 | 22.4
Ranged Weapons | 5 6 8 10 12 14 15 16 17 18 19 20 21 22 | 22.3
Transmutations | 2 4 5 6 |  6.4
Spellcasting   | 2 3 6 8 10 12 14 15 16 | 16.1
Invocations    | 2 4 6 8 9 10 11 | 11.0
Dodging        | 6 8 10 11 12 13 14 | 14.3
Evocations     | 1 5 7 9 10 12 | 12.7
Armour         | 2 7 11 13 15 16 | 16.8
Shields        | 5 7 8 10 | 10.0
Ice Magic      | 7 9 10 11 | 11.5
Hexes          | 6 8 |  8.6
Conjurations   | 9 13 15 | 15.6
Air Magic      | 6 9 11 | 11.5
Fire Magic     | 7 9 |  9.4

Action                     |  1- 3 |  4- 6 |  7- 9 | 10-12 | 13-15 | 16-18 | 19-21 | 22-24 | 25-27 || total
---------------------------+-------+-------+-------+-------+-------+-------+-------+-------+-------++-------
   Fire: Shortbow          |    68 |       |       |       |       |       |       |       |       ||    68
         Arbalest          |     7 |    93 |   176 |   291 |       |       |       |       |       ||   567
         Hand crossbow     |       |       |       |   113 |   901 |   988 |  1064 |  1196 |   731 ||  4993
         Triple crossbow   |       |       |       |       |       |     2 |       |       |       ||     2
  Throw: Throwing net      |       |       |       |     3 |       |       |       |       |       ||     3
   Cast: Wereblood         |       |       |       |     6 |    32 |    40 |    53 |    23 |     9 ||   163
         Metabolic Englaci |       |       |       |       |       |       |     4 |     1 |       ||     5
         Ozocubu's Armour  |       |       |       |       |       |       |       |     2 |       ||     2
         Freezing Cloud    |       |       |       |       |       |       |       |     5 |    10 ||    15
         Plasma Beam       |       |       |       |       |       |       |       |       |     5 ||     5
 Invoke: Heroism           |       |       |       |     2 |     3 |       |     7 |     7 |     6 ||    25
         Finesse           |       |       |       |       |       |       |       |     4 |     3 ||     7
         Duel              |       |       |       |       |       |       |       |     2 |     2 ||     4
Ability: Hop               |       |       |     2 |     4 |     8 |    13 |    13 |     9 |     4 ||    53
         Evoke Invisibilit |       |       |       |       |       |       |       |     1 |       ||     1
  Evoke: Wand              |       |       |       |     4 |       |     6 |     3 |     4 |     4 ||    21
         Condenser vane    |       |       |       |       |     2 |     4 |     3 |     3 |     3 ||    15
         Tin of tremorston |       |       |       |       |       |       |       |     4 |     3 ||     7
    Use: Scroll            |     2 |     7 |     1 |     4 |    18 |    15 |     4 |     3 |     4 ||    58
         Potion            |       |     1 |       |       |     1 |     3 |     1 |     6 |    15 ||    27
 Armour: Leather armour    |    10 |    14 |     6 |       |       |       |       |       |       ||    30
         Robe              |       |       |    18 |    52 |    95 |    60 |       |       |       ||   225
         Ring mail         |       |       |       |       |       |    32 |   128 |     4 |       ||   164
         Quicksilver drago |       |       |       |       |       |       |       |   213 |    76 ||   289
         Plate armour      |       |       |       |       |       |       |       |    53 |       ||    53
         Crystal plate arm |       |       |       |       |       |       |       |       |    25 ||    25
  Dodge: Dodged            |    18 |    34 |    43 |   117 |   398 |   509 |   494 |   990 |   360 ||  2963
         Repelled          |       |       |       |       |       |     1 |       |       |       ||     1
  Block: Buckler           |       |       |       |       |       |   143 |   257 |   488 |   165 ||  1053

Table legend: (Time is in decaauts)
 A = Elapsed time spent in this place.
 B = Non-inter-level travel time spent in this place.
 C = Inter-level travel time spent in this place.
 D = Time resting spent in this place.
 E = Time spent auto-exploring this place.
 F = Levels seen in this place.
 G = Mean time per level.
                   A        B        C        D        E       F      G
               +--------+--------+--------+--------+--------+-----+--------+
         Total |  62247 |  55645 |   6602 |   6225 |  34769 |  57 | 1092.1 |
       Dungeon |  17349 |  14707 |   2642 |    671 |  11057 |  15 | 1156.6 |
        Temple |     54 |     54 |      0 |      0 |      0 |   1 |   54.0 |
          Lair |   7209 |   5794 |   1415 |    229 |   4274 |   5 | 1441.8 |
        Shoals |   6518 |   6127 |    391 |   1418 |   2701 |   4 | 1629.5 |
     Snake Pit |   4780 |   4430 |    350 |    464 |   2535 |   4 | 1195.0 |
    Slime Pits |   1451 |   1315 |    136 |    326 |    472 |   5 |  290.2 |
  Orcish Mines |   2001 |   1888 |    113 |     50 |   1288 |   2 | 1000.5 |
   Elven Halls |   4588 |   4368 |    220 |    633 |   2727 |   3 | 1529.3 |
        Vaults |   5135 |   4668 |    467 |     53 |   3698 |   4 | 1283.8 |
        Depths |   8669 |   7863 |    806 |   1958 |   4050 |   4 | 2167.2 |
          Hell |    252 |    252 |      0 |      4 |     19 |   1 |  252.0 |
           Zot |   2853 |   2796 |     57 |    338 |   1635 |   2 | 1426.5 |
        Bazaar |    538 |    538 |      0 |      0 |    161 |   1 |  538.0 |
        Bailey |    213 |    213 |      0 |      0 |     34 |   1 |  213.0 |
      Ice Cave |    552 |    552 |      0 |     78 |    113 |   1 |  552.0 |
         Arena |     78 |     78 |      0 |      1 |      0 |   4 |   19.5 |
               +--------+--------+--------+--------+--------+-----+--------+

Top non-repeatable levels by time:
Depths:1: 3292 daAuts
Depths:3: 3178 daAuts
Shoals:1: 2301 daAuts
  Lair:3: 1740 daAuts
  Lair:5: 1710 daAuts
  Lair:1: 1689 daAuts
   Elf:2: 1654 daAuts
Shoals:4: 1640 daAuts
 Snake:3: 1636 daAuts
Shoals:3: 1510 daAuts
   Elf:1: 1474 daAuts
     D:6: 1469 daAuts
   Elf:3: 1459 daAuts
 Snake:4: 1455 daAuts
   Zot:1: 1426 daAuts
